[Event "Titled Tuesday Blitz October 31 Early 2023"]
[White "Kozak, Antoni"]
[Black "Martinez Alcantara, Jose Eduardo"]
[WhiteFideId "21832030"]
[BlackFideId "3805662"]
[WhiteElo "2831"]
[BlackElo "3138"]
[Result "0-1"]
[Round "4"]
[TimeControl "180+1"]
[Date "2023.10.31"]
[WhiteClock "0:00:06"]
[BlackClock "0:00:18"]
[Board "19"]

1. Nf3 c5 2. c4 Nc6 3. Nc3 g6 4. e3 Bg7 5. d4 d6 6. d5 Nb4 7. h3 Nf6 8. Be2 O-O 9. O-O e6 10. a3 Na6 11. e4 e5 12. Bg5 h6 13. Be3 Nh5 14. Ne1 Nf4 15. Nd3 Nxe2+ 16. Qxe2 f5 17. f3 g5 18. b4 f4 19. Bf2 b6 20. Rfb1 Rf7 21. Kf1 h5 22. Ke1 Bf8 23. Kd2 Rg7 24. a4 g4 25. hxg4 hxg4 26. a5 Nxb4 27. axb6 Nxd3 28. Kxd3 Rb7 29. Rxa7 Rbxa7 30. bxa7 Rxa7 31. Rb8 g3 32. Be1 Qc7 33. Qb2 Bd7 34. Bd2 Kf7 35. Be1 Be7 36. Bd2 Kg7 37. Be1 Bc8 38. Bd2 Kf7 39. Rb3 Ra8 40. Nb5 Qd8 41. Qc2 Bd7 42. Nc3 Qc8 43. Qb1 Qa6 44. Rb7 Ra7 45. Rb6 Qa3 46. Rb3 Qa6 47. Rb6 Qa3 48. Rb3 Qa1 49. Ke2 Qxb1 50. Rxb1 Bd8 51. Rh1 Rb7 52. Rh7+ Kg6 53. Rh8 Bf6 54. Rg8+ Kf7 55. Ra8 Rb4 56. Ra7 Ke8 57. Ra6 Be7 58. Ra8+ Kf7 59. Ra7 Be8 60. Nb5 Bxb5 61. cxb5 Rxb5 62. Ba5 Ke8 63. Ra8+ Kf7 64. Ra7 Kf6 65. Bd2 Rb1 66. Be1 Rb2+ 67. Kf1 Rb8 68. Rc7 Rh8 69. Kg1 Ra8 70. Kf1 Ra4 71. Kg1 Rd4 72. Kf1 Kf7 73. Rc8 Ra4 74. Rc7 Ke8 75. Rc8+ Kd7 76. Rb8 Bd8 77. Rb7+ Bc7 78. Rb2 Ra8 79. Rc2 Bb6 80. Rb2 Kc7 81. Rc2 Ra4 82. Rb2 c4 83. Rc2 Bd4 84. Ke2 Kb6 85. Bd2 Kc5 86. Rc1 Ra2 87. Ke1 Be3 88. Bxe3+ fxe3 89. Kf1 Rf2+ 90. Kg1 e2 91. Re1 c3 92. f4 c2 93. fxe5 Rf1+ 94. Rxf1 exf1=Q+ 95. Kxf1 c1=Q+ 96. Ke2 Qc2+ 97. Kf3 Qf2+ 0-1


[Site "https://www.chess.com"]

[Event "Titled Tuesday Blitz October 31 Early 2023"]
[White "Caruana, Fabiano"]
[Black "Mitrabha, Guha"]
[WhiteFideId "2020009"]
[BlackFideId "5057000"]
[WhiteElo "3073"]
[BlackElo "2823"]
[Result "0-1"]
[Round "4"]
[TimeControl "180+1"]
[Date "2023.10.31"]
[WhiteClock "0:00:03"]
[BlackClock "0:00:30"]
[Board "20"]

1. c4 Nf6 2. Nc3 c5 3. Nf3 g6 4. e4 Bg7 5. d4 cxd4 6. Nxd4 Nc6 7. Be3 O-O 8. Be2 Nxd4 9. Bxd4 d6 10. O-O a5 11. b3 Be6 12. Qd3 Nd7 13. Bxg7 Kxg7 14. Kh1 Qb6 15. f4 f6 16. Nd5 Qd8 17. Qe3 Bf7 18. Rad1 Re8 19. Bg4 Rb8 20. Qc3 b5 21. e5 Bxd5 22. Rxd5 bxc4 23. bxc4 Nc5 24. f5 g5 25. Bh5 Rf8 26. exd6 exd6 27. Rfd1 Qc7 28. Rxd6 Rbd8 29. R6d5 Ne4 30. Qd4 Rxd5 31. cxd5 Nd6 32. Qd3 Rb8 33. Re1 Rb4 34. Bf3 Rh4 35. g3 Rc4 36. Bg2 Rc1 37. Qe3 Rxe1+ 38. Qxe1 Nxf5 39. Qd2 Nd6 40. Bf3 Qc5 41. Kg2 Nc4 42. Qf2 Ne3+ 43. Kh1 g4 44. Be4 Qd4 45. Bg2 Qd1+ 46. Qg1 Qd2 47. h3 h5 48. hxg4 hxg4 49. a4 Nf5 50. Be4 Ne3 51. Qb1 Kh6 52. d6 Qxd6 53. Qd1 Qxd1+ 0-1


[Site "https://www.chess.com"]

[Event "Titled Tuesday Blitz October 31 Early 2023"]
[White "Theodorou, Nikolas"]
[Black "Sattarov, Bobir"]
[WhiteFideId "4262875"]
[BlackFideId "14203081"]
[WhiteElo "3001"]
[BlackElo "2809"]
[Result "1-0"]
[Round "4"]
[TimeControl "180+1"]
[Date "2023.10.31"]
[WhiteClock "0:00:23"]
[BlackClock "0:00:00"]
[Board "21"]

1. Nf3 Nf6 2. b3 d5 3. Bb2 Bf5 4. g3 e6 5. Bg2 Be7 6. O-O O-O 7. d3 h6 8. Nc3 c6 9. Nd2 Bh7 10. e4 a5 11. Kh1 dxe4 12. dxe4 Na6 13. a3 Nc5 14. Qe2 Qb6 15. f4 Rad8 16. Nc4 Qc7 17. a4 Rd4 18. e5 Nd5 19. Nxd5 Rxd5 20. Bxd5 cxd5 21. Nd6 Ne4 22. f5 Nxd6 23. exd6 Bxd6 24. g4 Qc6 25. Qg2 Rd8 26. Rae1 Bf8 27. Bd4 Kh8 28. Re2 exf5 29. gxf5 f6 30. Qg4 Qd7 31. Re6 Re8 32. Rfe1 Rc8 33. Rxf6 Bc5 34. Rfe6 Bxd4 35. Qxd4 Bxf5 36. Re7 Be4+ 37. R1xe4 1-0


[Site "https://www.chess.com"]

[Event "Titled Tuesday Blitz October 31 Early 2023"]
[White "Oparin, Grigoriy"]
[Black "Llorente Zaro, Alfonso"]
[WhiteFideId "24125890"]
[BlackFideId "2254131"]
[WhiteElo "2989"]
[BlackElo "2781"]
[Result "1/2-1/2"]
[Round "4"]
[TimeControl "180+1"]
[Date "2023.10.31"]
[WhiteClock "0:00:32"]
[BlackClock "0:00:07"]
[Board "22"]

1. c4 Nf6 2. Nc3 e6 3. Nf3 d5 4. e3 c5 5. cxd5 Nxd5 6. Bb5+ Bd7 7. Be2 Nxc3 8. bxc3 Nc6 9. d4 Be7 10. O-O O-O 11. e4 cxd4 12. cxd4 Rc8 13. Rb1 Na5 14. Ne5 Be8 15. Bf4 Bf6 16. Qd3 b6 17. Rfc1 Rxc1+ 18. Rxc1 Bxe5 19. Bxe5 Nc6 20. Qg3 Nxe5 21. Qxe5 f6 22. Qxe6+ Bf7 23. Qc6 Qxd4 24. a4 Re8 25. Bf3 h6 26. h4 Re7 27. h5 Be8 28. Qa8 Qxa4 29. Qd5+ Bf7 30. Rc8+ Re8 31. Qa8 Rxc8 32. Qxc8+ Qe8 33. Qb7 Bxh5 34. Qxa7 Bxf3 35. gxf3 Qe6 36. Qb7 Kh7 37. Kg2 h5 38. Qb8 Kg6 39. Qg3+ Kf7 40. Qc7+ Kg8 41. Qb7 Kh7 42. Qb8 h4 43. Qf4 g5 44. Qc7+ Kg6 45. Qb8 Kg7 46. Qc7+ Kg6 47. Qb8 Kg7 48. Qc7+ Kg6 1/2-1/2


[Site "https://www.chess.com"]

[Event "Titled Tuesday Blitz October 31 Early 2023"]
[White "Fier, Alexandr"]
[Black "Zhigalko, Sergei"]
[WhiteFideId "2107139"]
[BlackFideId "13502956"]
[WhiteElo "2742"]
[BlackElo "2963"]
[Result "1/2-1/2"]
[Round "4"]
[TimeControl "180+1"]
[Date "2023.10.31"]
[WhiteClock "0:00:50"]
[BlackClock "0:00:05"]
[Board "23"]

1. e4 c5 2. Nf3 Nc6 3. d4 cxd4 4. Nxd4 Nf6 5. Nc3 e5 6. Ndb5 d6 7. Bg5 a6 8. Na3 b5 9. Nd5 Be7 10. Bxf6 Bxf6 11. c3 Bg5 12. Nc2 Ne7 13. a4 bxa4 14. Ncb4 O-O 15. Qxa4 a5 16. Bb5 Nxd5 17. Nxd5 Be6 18. Bc6 Rb8 19. b4 axb4 20. cxb4 Kh8 21. O-O Bxd5 22. Bxd5 Bd2 23. b5 Bc3 24. Rac1 Bd4 25. g3 Qb6 26. Rc6 Qxb5 27. Qxb5 Rxb5 28. Rxd6 f6 29. Kg2 Rb2 30. Rd7 h5 31. Bf7 Kh7 32. Bxh5 Rc8 33. Bg4 Rcc2 34. Bf5+ Kh6 35. h4 Rxf2+ 36. Rxf2 Rxf2+ 37. Kh3 g6 38. Be6 f5 39. Bg8 g5 40. exf5 gxh4 41. Rh7+ Kg5 42. Be6 hxg3 43. Kxg3 e4 44. Rg7+ Bxg7 45. Kxf2 Bd4+ 46. Ke2 Kf6 47. Bd5 Ke5 48. Bxe4 Kxe4 49. f6 Bxf6 1/2-1/2


[Site "https://www.chess.com"]

[Event "Titled Tuesday Blitz October 31 Early 2023"]
[White "Danielyan, Vahe"]
[Black "Drygalov, Sergey"]
[WhiteFideId "13304828"]
[BlackFideId "24171743"]
[WhiteElo "2740"]
[BlackElo "2957"]
[Result "1-0"]
[Round "4"]
[TimeControl "180+1"]
[Date "2023.10.31"]
[WhiteClock "0:00:55"]
[BlackClock "0:00:01"]
[Board "24"]

1. e4 c5 2. Nc3 d6 3. g3 Nf6 4. Bg2 g6 5. Nge2 Bg7 6. O-O O-O 7. d4 cxd4 8. Nxd4 Nc6 9. Nxc6 bxc6 10. e5 dxe5 11. Bxc6 Rb8 12. Qxd8 Rxd8 13. b3 Ba6 14. Rd1 Rdc8 15. Nd5 Nxd5 16. Bxd5 Rxc2 17. Be3 Rbc8 18. Bxa7 e4 19. Bxe4 Re2 20. Bf3 Bxa1 21. Bxe2 Bxe2 22. Rxa1 Bf3 23. b4 Ra8 24. Bc5 Ra4 25. Bxe7 f5 26. b5 Kf7 27. Bc5 Ke6 28. b6 Kd7 29. a3 Kc6 30. Be3 Kb7 31. h3 h5 32. Kh2 Kb8 33. Bc5 Rc4 34. Be3 Ra4 35. Kg1 Kb7 36. Kf1 Ra5 37. Ke1 Rd5 38. h4 Ka6 39. Rb1 Kb7 40. Rc1 Ka6 41. a4 Rd3 42. Bd2 Rd5 43. a5 Re5+ 44. Kf1 Rd5 45. Be1 Re5 46. Rb1 Bb7 47. f4 Re3 48. Rd1 Rf3+ 49. Kg1 Re3 50. Bf2 Ra3 51. Be1 Ra2 52. Rd6 Rg2+ 53. Kf1 Rh2 54. Rxg6 Rh1+ 55. Ke2 Rh2+ 56. Ke3 Rh1 57. Bf2 Ra1 58. Rg5 Ra3+ 59. Kd4 Ra4+ 60. Ke5 Rxa5+ 61. Kf6 Ra2 62. Bd4 Be4 63. Rxh5 Rd2 64. Be5 Kxb6 65. Rg5 Kc6 66. h5 Rh2 67. Kg7 1-0


[Site "https://www.chess.com"]

[Event "Titled Tuesday Blitz October 31 Early 2023"]
[White "Rendle, Thomas E"]
[Black "Sjugirov, Sanan"]
[WhiteFideId "408760"]
[BlackFideId "4189302"]
[WhiteElo "2697"]
[BlackElo "2954"]
[Result "0-1"]
[Round "4"]
[TimeControl "180+1"]
[Date "2023.10.31"]
[WhiteClock "0:00:48"]
[BlackClock "0:00:12"]
[Board "25"]

1. e4 c6 2. d4 d5 3. exd5 cxd5 4. Nf3 Nf6 5. Ne5 g6 6. Bb5+ Bd7 7. Nxd7 Nbxd7 8. O-O Bg7 9. c3 O-O 10. Re1 e6 11. Bd3 a6 12. Bf4 Nb6 13. Nd2 Rc8 14. Qf3 Na4 15. Rab1 Nd7 16. Bd6 Re8 17. Ba3 Qf6 18. Qg3 Bh6 19. Nf1 b5 20. Ne3 Bf4 21. Qh3 Nab6 22. Ng4 Qg7 23. g3 Bg5 24. f4 Be7 25. Bxe7 Rxe7 26. Qh4 Ree8 27. Ne5 Nf6 28. Re2 Nc4 29. Rbe1 Nd6 30. g4 Nfe4 31. Nd7 Red8 32. Bxe4 Rxd7 33. Bd3 b4 34. Rc2 bxc3 35. bxc3 Rxc3 36. Qf2 Rxd3 0-1


[Site "https://www.chess.com"]

[Event "Titled Tuesday Blitz October 31 Early 2023"]
[White "Galchenko, Matvey"]
[Black "Amilal Munkhdalai"]
[WhiteFideId "24175480"]
[BlackFideId "4903250"]
[WhiteElo "2909"]
[BlackElo "2691"]
[Result "1-0"]
[Round "4"]
[TimeControl "180+1"]
[Date "2023.10.31"]
[WhiteClock "0:00:06"]
[BlackClock "0:00:00"]
[Board "26"]

1. e4 c5 2. c3 Nc6 3. d4 d5 4. exd5 Qxd5 5. Nf3 Bg4 6. dxc5 Qxc5 7. Be3 Qa5 8. h3 Bh5 9. Na3 Nf6 10. Qb3 Bxf3 11. gxf3 Qc7 12. Nb5 Qb8 13. Bc4 e6 14. Rd1 Be7 15. Rg1 O-O 16. Qc2 a6 17. Nd4 Nxd4 18. Bxd4 Qf4 19. Qe2 Rad8 20. Bd3 Rd5 21. Qe3 Qh4 22. Bc4 Rh5 23. Rg3 Re8 24. f4 b5 25. Bb3 Bf8 26. Qf3 Rf5 27. Be5 Qh6 28. Kf1 Nh5 29. Rg4 Nf6 30. Rg1 Rh5 31. Rg3 Rh4 32. Kg1 Nh5 33. Rg4 Nf6 34. Rxh4 Qxh4 35. a4 h6 36. axb5 axb5 37. Qc6 Qxh3 38. Bxf6 Qg4+ 39. Kf1 Qh3+ 40. Ke1 gxf6 41. Qxe8 Qh1+ 42. Kd2 Qg2 43. Qxb5 Qxf2+ 44. Qe2 Qxf4+ 45. Qe3 Qh2+ 46. Kc1 Bd6 47. Kb1 Kf8 48. Bc4 h5 49. Qh6+ Ke7 50. Qe3 h4 51. Qa7+ Kf8 52. Qd7 Be5 53. Bxe6 fxe6 54. Qxe6 Kg7 55. Qg4+ Kh6 56. Rd8 Qh1+ 57. Kc2 f5 58. Qxf5 Qg2+ 59. Rd2 Qg3 60. Qe6+ Kg5 61. Rd5 Qg2+ 62. Kb3 1-0


[Site "https://www.chess.com"]

[Event "Titled Tuesday Blitz October 31 Early 2023"]
[White "Bharath Subramaniyam H"]
[Black "Leiva, Gianmarco"]
[WhiteFideId "46634827"]
[BlackFideId "3804399"]
[WhiteElo "2905"]
[BlackElo "2685"]
[Result "1-0"]
[Round "4"]
[TimeControl "180+1"]
[Date "2023.10.31"]
[WhiteClock "0:00:31"]
[BlackClock "0:00:00"]
[Board "27"]

1. e4 c5 2. Nf3 d6 3. d4 cxd4 4. Nxd4 Nf6 5. Nc3 a6 6. Qd3 e6 7. Be2 Nc6 8. g4 d5 9. exd5 Nxd5 10. Nxd5 Qxd5 11. Bf3 Ne5 12. Bxd5 Nxd3+ 13. cxd3 exd5 14. f3 Bd6 15. Kf2 f6 16. Be3 Kf7 17. Rac1 h5 18. g5 h4 19. Rcg1 Bd7 20. g6+ Kf8 21. f4 Rc8 22. Kf3 Ke7 23. Re1 Kf8 24. Bf2 Bc5 25. Ne6+ Bxe6 26. Rxe6 Bxf2 27. Kxf2 Rh6 28. Rg1 Rc2+ 29. Kf3 Rc6 30. Re2 Rc8 31. f5 Re8 32. Rxe8+ Kxe8 33. Kg4 Kd7 34. Re1 Rh8 35. Re2 a5 36. h3 Rc8 37. Kxh4 Rc1 38. Re6 Rc2 39. Kg3 Rxb2 40. Rxf6 1-0


[Site "https://www.chess.com"]

[Event "Titled Tuesday Blitz October 31 Early 2023"]
[White "Yen, William"]
[Black "Rustemov, Alexander"]
[WhiteFideId "30932025"]
[BlackFideId "4119002"]
[WhiteElo "2672"]
[BlackElo "2901"]
[Result "1/2-1/2"]
[Round "4"]
[TimeControl "180+1"]
[Date "2023.10.31"]
[WhiteClock "0:00:11"]
[BlackClock "0:00:06"]
[Board "28"]

1. e4 e6 2. d4 d5 3. Nc3 dxe4 4. Nxe4 Bd7 5. Nf3 Bc6 6. Neg5 Nd7 7. Nxf7 Kxf7 8. Ng5+ Ke8 9. Bc4 Bxg2 10. Bxe6 Qe7 11. Rg1 Bd5 12. Qe2 Ngf6 13. Rg3 h6 14. Re3 hxg5 15. Bxd5 Nxd5 16. Rxe7+ Bxe7 17. Bxg5 Kd8 18. Bxe7+ Nxe7 19. O-O-O Nf6 20. Qb5 Rb8 21. Qg5 Rh7 22. Qc5 b6 23. Qe5 Kd7 24. d5 Ne8 25. Qe6+ Kd8 26. d6 Nxd6 27. Rxd6+ cxd6 28. Qxd6+ Kc8 29. Qxe7 Rh6 30. Qxg7 Rd6 31. Qf8+ Kc7 32. Qe7+ Rd7 33. Qe5+ Kb7 34. f4 Rf8 35. b3 Rdf7 36. h4 Rxf4 37. h5 R4f7 38. h6 Rd8 39. a4 Rdd7 40. Kb2 Rh7 41. Qe4+ Kc7 42. Qe5+ 1/2-1/2


[Site "https://www.chess.com"]

[Event "Titled Tuesday Blitz October 31 Early 2023"]
[White "Ismagilov, Damir"]
[Black "Svane, Frederik"]
[WhiteFideId "34199982"]
[BlackFideId "12923044"]
[WhiteElo "2670"]
[BlackElo "2865"]
[Result "0-1"]
[Round "4"]
[TimeControl "180+1"]
[Date "2023.10.31"]
[WhiteClock "0:00:22"]
[BlackClock "0:00:17"]
[Board "29"]

1. d4 g6 2. Bf4 Bg7 3. Nc3 d6 4. Nf3 Nd7 5. e4 e5 6. dxe5 dxe5 7. Bg3 Ne7 8. Bc4 O-O 9. O-O a6 10. a4 Nc6 11. Nd5 Nc5 12. Nd2 Be6 13. b4 Bxd5 14. bxc5 Bxc4 15. Nxc4 Qe7 16. Rb1 Qxc5 17. Ne3 b6 18. Rb3 Rfd8 19. Nd5 Na5 20. Rc3 Qxc3 21. Nxc3 Rxd1 22. Rxd1 Kf8 23. Rd7 c6 24. f3 Ke8 25. Rc7 b5 26. axb5 axb5 27. Na2 Bf8 28. c3 Bd6 29. Nb4 Bxc7 30. Nd3 f6 31. Bf2 Nb7 32. Nb4 Kd7 33. Be3 Bd6 34. Nd3 Ra3 35. Bd2 c5 36. Kf2 c4 37. Ne1 Nc5 38. Nc2 Ra2 39. Nb4 Rxd2+ 40. Ke3 Rxg2 41. h4 Nb3 42. h5 Bc5# 0-1


[Site "https://www.chess.com"]

[Event "Titled Tuesday Blitz October 31 Early 2023"]
[White "Barrientos, Sergio E"]
[Black "Sychev, Klementy"]
[WhiteFideId "4401824"]
[BlackFideId "4114060"]
[WhiteElo "2659"]
[BlackElo "2832"]
[Result "1/2-1/2"]
[Round "4"]
[TimeControl "180+1"]
[Date "2023.10.31"]
[WhiteClock "0:00:13"]
[BlackClock "0:00:05"]
[Board "30"]

1. e4 a6 2. d4 c6 3. Bd3 d5 4. c3 dxe4 5. Bxe4 Nf6 6. Bc2 Bg4 7. Nf3 e6 8. h3 Bh5 9. Nbd2 c5 10. dxc5 Bxc5 11. Qe2 O-O 12. Ne4 Nbd7 13. Nxc5 Nxc5 14. Be3 Qc7 15. Bd4 e5 16. Bxe5 Qc6 17. Bxf6 Rfe8 18. Be7 Bxf3 19. gxf3 Qc7 20. O-O-O Rxe7 21. Qd2 Rae8 22. Rhe1 g6 23. Re3 Ne6 24. Bb3 Qh2 25. Bxe6 Rxe6 26. Rxe6 Rxe6 27. Qd8+ Kg7 28. Qd4+ Rf6 29. h4 Qh3 30. Rd3 Qf1+ 31. Kc2 Qe2+ 32. Kb3 Qe6+ 33. Ka3 Qe7+ 34. b4 Qe1 35. Kb2 Qe2+ 36. Kb3 Qf1 37. Rd1 Qe2 38. Rd3 Qe1 39. Kb2 a5 40. bxa5 Qe2+ 41. Ka3 Qe1 42. Ka4 Qb1 43. a3 Qc2+ 44. Kb4 Qb2+ 45. Ka4 Qc2+ 46. Kb4 Qb1+ 47. Ka4 h5 48. Rd2 Qc1 49. Rd3 Qc2+ 50. Kb4 Qb2+ 51. Ka4 Qc2+ 52. Kb4 Qb1+ 53. Ka4 Qc2+ 1/2-1/2


[Site "https://www.chess.com"]

[Event "Titled Tuesday Blitz October 31 Early 2023"]
[White "Naroditsky, Daniel"]
[Black "Bayramov, Zaur"]
[WhiteFideId "2026961"]
[BlackFideId "13405080"]
[WhiteElo "3168"]
[BlackElo "2639"]
[Result "1-0"]
[Round "4"]
[TimeControl "180+1"]
[Date "2023.10.31"]
[WhiteClock "0:01:23"]
[BlackClock "0:00:11"]
[Board "31"]

1. e4 d6 2. d4 Nf6 3. Nc3 e5 4. Nf3 Nbd7 5. g3 Be7 6. Bg2 O-O 7. O-O c6 8. a4 Qc7 9. Re1 Re8 10. b3 Bf8 11. Bb2 b6 12. Qd2 a6 13. h3 Bb7 14. Rad1 b5 15. Ba3 Qb6 16. Bb2 b4 17. Nb1 a5 18. Qe3 Qc7 19. Nbd2 exd4 20. Nxd4 d5 21. Nf5 h6 22. e5 Bc5 23. Qf4 Nh7 24. Ne4 dxe4 25. Rxd7 Qxd7 26. Qg4 Bxf2+ 27. Kxf2 Qd2+ 28. Re2 Qg5 29. Qxe4 c5 30. Nxh6+ Qxh6 31. Qxb7 Rad8 32. Bd5 Ng5 33. h4 Ne6 34. Bc4 Qg6 35. Qf3 Rd1 36. Bd3 Rxd3 37. Qxd3 Qxd3 38. cxd3 Rd8 39. Ke3 Rd5 40. Ke4 Rd7 41. Rf2 Nd4 42. Bxd4 Rxd4+ 43. Ke3 g6 44. Rf6 Rg4 45. Kf3 Rd4 46. Rd6 1-0


[Site "https://www.chess.com"]

[Event "Titled Tuesday Blitz October 31 Early 2023"]
[White "Matinian, Nikita"]
[Black "Makarian, Rudik"]
[WhiteFideId "24129100"]
[BlackFideId "44105681"]
[WhiteElo "2638"]
[BlackElo "3038"]
[Result "0-1"]
[Round "4"]
[TimeControl "180+1"]
[Date "2023.10.31"]
[WhiteClock "0:00:00"]
[BlackClock "0:00:19"]
[Board "32"]

1. e4 c5 2. Nf3 Nc6 3. Bb5 e6 4. c3 d5 5. exd5 exd5 6. O-O Bd6 7. d4 Ne7 8. dxc5 Bxc5 9. Nbd2 O-O 10. Nb3 Bb6 11. Re1 Nf5 12. Bd3 h6 13. Bf4 Qf6 14. Qd2 Be6 15. Ne5 Rad8 16. Nxc6 bxc6 17. Be5 Qh4 18. Nd4 Nxd4 19. cxd4 Rfe8 20. Rac1 Bd7 21. g3 Qh5 22. Be2 Qg6 23. Bd3 Qg5 24. Qxg5 hxg5 25. b4 f6 26. Bd6 Bxd4 27. Rxe8+ Bxe8 28. Bc5 Bxc5 29. Rxc5 Kf7 30. Ra5 Rd7 31. Ra6 Rc7 32. f4 Ke6 33. Kf2 gxf4 34. gxf4 g5 35. fxg5 fxg5 36. Ke3 Ke5 37. a4 Rb7 38. a5 g4 39. Be2 Bd7 40. Bd1 Rxb4 41. Rxa7 Be6 42. a6 Rb1 43. Bc2 Rb2 44. Bd3 c5 45. Be2 c4 46. Re7 d4+ 47. Kf2 d3 0-1


[Site "https://www.chess.com"]

[Event "Titled Tuesday Blitz October 31 Early 2023"]
[White "Erenberg, Ariel"]
[Black "Elsa167"]
[WhiteFideId "2811634"]
[WhiteElo "2629"]
[BlackElo "2988"]
[Result "0-1"]
[Round "4"]
[TimeControl "180+1"]
[Date "2023.10.31"]
[WhiteClock "0:00:14"]
[BlackClock "0:00:07"]
[Board "33"]

1. Nf3 Nf6 2. c4 g6 3. Nc3 Bg7 4. e4 d6 5. d4 Bg4 6. Be2 Bxf3 7. Bxf3 e5 8. d5 h5 9. O-O a5 10. a3 Nbd7 11. Rb1 Bh6 12. b4 axb4 13. axb4 Bxc1 14. Qxc1 O-O 15. Nb5 b6 16. Ra1 Rxa1 17. Qxa1 Ne8 18. Qa7 h4 19. Bg4 Ndf6 20. Bf3 Nh7 21. Ra1 Ng5 22. Qa3 Qf6 23. h3 Qe7 24. Rc1 f5 25. exf5 gxf5 26. c5 bxc5 27. bxc5 e4 28. cxd6 cxd6 29. Bh5 Nf6 30. Bd1 Rd8 31. Rc7 Qe5 32. Qa7 Kh8 33. Re7 Qxd5 34. Qc7 Qxd1+ 35. Kh2 Rg8 36. Nxd6 Nf3+ 37. gxf3 Qg1# 0-1


[Site "https://www.chess.com"]

[Event "Titled Tuesday Blitz October 31 Early 2023"]
[White "Bok, Benjamin"]
[Black "Chinguun, Sumiya"]
[WhiteFideId "1017063"]
[BlackFideId "4902572"]
[WhiteElo "2961"]
[BlackElo "2638"]
[Result "1-0"]
[Round "4"]
[TimeControl "180+1"]
[Date "2023.10.31"]
[WhiteClock "0:00:11"]
[BlackClock "0:00:00"]
[Board "34"]

1. d4 Nf6 2. c4 g6 3. g3 Bg7 4. Bg2 O-O 5. Nc3 d6 6. Nf3 c6 7. e4 Nbd7 8. O-O e5 9. Be3 Qa5 10. h3 Re8 11. Qc2 exd4 12. Nxd4 Ne5 13. b3 Ned7 14. Rfe1 Nc5 15. a3 Qc7 16. b4 Ne6 17. Nb3 Nd7 18. Rad1 Ne5 19. Ne2 c5 20. b5 a6 21. f4 Nd7 22. a4 axb5 23. axb5 Nb6 24. Qd3 Ra4 25. Nd2 Nf8 26. Bf2 Be6 27. Nc3 Rb4 28. Nd5 Nxd5 29. exd5 Bf5 30. Qf3 Ra8 31. g4 Bd7 32. f5 Be5 33. Rxe5 dxe5 34. d6 Qxd6 35. Ne4 Qe7 36. Bxc5 Qh4 37. Bxb4 Ra2 38. fxg6 Nxg6 39. Nf6+ Kg7 40. Nh5+ Kh6 41. Rxd7 Qe1+ 42. Kh2 e4 43. Qg3 Qxb4 44. Qe3+ Nf4 45. Qxf4+ 1-0


[Site "https://www.chess.com"]

[Event "Titled Tuesday Blitz October 31 Early 2023"]
[White "Jain Kashish Manoj"]
[Black "Daneshvar, Bardiya"]
[WhiteFideId "35081098"]
[BlackFideId "12576468"]
[WhiteElo "2628"]
[BlackElo "2944"]
[Result "0-1"]
[Round "4"]
[TimeControl "180+1"]
[Date "2023.10.31"]
[WhiteClock "0:00:07"]
[BlackClock "0:01:39"]
[Board "35"]

1. e4 b6 2. d4 Bb7 3. Bd3 Nc6 4. c3 e5 5. d5 Nce7 6. c4 Ng6 7. Nc3 Nf6 8. Nge2 Bc5 9. Ng3 Nh4 10. O-O h6 11. Kh1 d6 12. Nce2 g5 13. b4 Bd4 14. Nxd4 exd4 15. Bb2 Nd7 16. Bxd4 Ne5 17. c5 Nhg6 18. Nf5 Bc8 19. Bb5+ Kf8 20. cxd6 cxd6 21. Ne3 g4 22. Rc1 h5 23. f4 gxf3 24. gxf3 Nf4 25. Qd2 Bh3 26. Rf2 Rg8 27. Nf5 Qg5 28. Ng3 h4 29. Be3 hxg3 30. Bxf4 Qh5 31. Bh6+ Ke7 32. Qg5+ Rxg5 0-1


[Site "https://www.chess.com"]

[Event "Titled Tuesday Blitz October 31 Early 2023"]
[White "Xu, Xiangyu"]
[Black "Principe, Gerson"]
[WhiteFideId "8608288"]
[BlackFideId "3804550"]
[WhiteElo "2919"]
[BlackElo "2628"]
[Result "1-0"]
[Round "4"]
[TimeControl "180+1"]
[Date "2023.10.31"]
[WhiteClock "0:02:23"]
[BlackClock "0:00:54"]
[Board "36"]

1. d4 Nf6 2. c4 e6 3. Nc3 Bb4 4. f3 d5 5. a3 Bxc3+ 6. bxc3 c5 7. cxd5 exd5 8. e3 O-O 9. Bd3 b6 10. Ne2 Ba6 11. O-O Bxd3 12. Qxd3 Re8 13. Ng3 h5 14. Bb2 Nc6 15. Rae1 h4 16. Nf5 h3 17. g4 Qd7 18. e4 cxd4 19. cxd4 dxe4 20. fxe4 Ne5 21. Qxh3 Ng6 22. g5 Qb5 23. gxf6 Qxb2 24. Nh6+ 1-0


[Site "https://www.chess.com"]

[Event "Titled Tuesday Blitz October 31 Early 2023"]
[White "Seemann, Jakub"]
[Black "Mikaelyan, Arman"]
[WhiteFideId "21874697"]
[BlackFideId "13304852"]
[WhiteElo "2628"]
[BlackElo "2909"]
[Result "0-1"]
[Round "4"]
[TimeControl "180+1"]
[Date "2023.10.31"]
[WhiteClock "0:00:03"]
[BlackClock "0:00:05"]
[Board "37"]

1. c4 g6 2. Nc3 Bg7 3. Nf3 d6 4. g3 Nc6 5. Bg2 e5 6. O-O Be6 7. d3 h6 8. Rb1 Qd7 9. Re1 Nge7 10. b4 O-O 11. b5 Nd8 12. Bb2 Bh3 13. Bh1 Ne6 14. Nd2 f5 15. Bxb7 Rab8 16. Bh1 f4 17. Nd5 Nxd5 18. cxd5 Ng5 19. Ne4 Rxb5 20. Nxg5 hxg5 21. Qc2 fxg3 22. hxg3 Qf5 23. e3 Bg4 24. Be4 Qf7 25. Ba3 Ra5 26. Bb4 Ra6 27. Rb2 Bf3 28. Qc4 Rb6 29. Rc2 g4 30. Ba5 Bxe4 31. Qxe4 Rb5 32. Bxc7 Rxd5 33. Rec1 Rc5 34. Bxd6 Rxc2 35. Rxc2 Rd8 36. Bb4 Qf3 37. Qc4+ Kh7 38. Rc1 Rd7 39. a4 Rf7 40. Qc2 Rf5 41. Be7 Rh5 42. Bh4 g5 43. Qd1 gxh4 44. Qxf3 gxf3 45. gxh4 Rxh4 46. Rc7 Rg4+ 47. Kh2 e4 48. dxe4 Kh6 49. Kh3 Rg1 50. Rxa7 Be5 51. Ra6+ Kh5 52. Re6 Rh1# 0-1


[Site "https://www.chess.com"]

[Event "Titled Tuesday Blitz October 31 Early 2023"]
[White "Mahdavi, Reza"]
[Black "kushbhagat2009"]
[WhiteFideId "12595926"]
[WhiteElo "2909"]
[BlackElo "2626"]
[Result "1-0"]
[Round "4"]
[TimeControl "180+1"]
[Date "2023.10.31"]
[WhiteClock "0:00:39"]
[BlackClock "0:00:04"]
[Board "38"]

1. c4 Nf6 2. Nf3 g6 3. Nc3 Bg7 4. d4 d6 5. e4 O-O 6. Be2 e5 7. d5 Na6 8. O-O Nc5 9. Qc2 a5 10. b3 Bd7 11. Be3 Ng4 12. Bxc5 dxc5 13. Ne1 f5 14. Bxg4 fxg4 15. Nd3 b6 16. a3 Qh4 17. b4 cxb4 18. axb4 g5 19. bxa5 bxa5 20. Nc5 Bc8 21. Nb5 Rf6 22. Qd3 Bf8 23. Ne6 Bxe6 24. dxe6 Bc5 25. Ra2 Raf8 26. Qg3 c6 27. Nc7 Bd6 28. Na6 Rxe6 29. Rxa5 Ref6 30. Nc5 Qxg3 31. hxg3 Bxc5 32. Rxc5 Re6 33. Ra1 Rd8 34. Rca5 Rd4 35. Ra7 Rxe4 36. Rc7 Re8 37. Raa7 Rxc4 38. Rg7+ Kh8 39. Rxh7+ Kg8 40. Rag7+ Kf8 41. Rc7 Kg8 42. Rhg7+ Kh8 43. Rxg5 Re6 44. Rh5+ Kg8 45. Kh2 e4 46. Rg5+ Kh8 47. Rxg4 Rh6+ 48. Rh4 Rxh4+ 49. gxh4 Kg8 50. Kg3 c5 51. Kf4 e3+ 52. Kxe3 Rxh4 53. Rxc5 Kf7 54. g3 Rh6 55. f4 Re6+ 56. Kf3 Ra6 57. f5 Ra3+ 58. Kf4 Ra4+ 59. Kg5 Ra7 60. g4 Kg7 61. Rb5 Rc7 62. Rb6 Ra7 63. Rg6+ Kf7 64. Rh6 Ra4 65. Rh7+ Kg8 66. Rb7 Kf8 67. f6 Rb4 68. Rxb4 1-0


[Site "https://www.chess.com"]

[Event "Titled Tuesday Blitz October 31 Early 2023"]
[White "Ergali_Suleimen"]
[Black "Erdogmus, Yagiz Kaan"]
[BlackFideId "44599790"]
[WhiteElo "2623"]
[BlackElo "2903"]
[Result "0-1"]
[Round "4"]
[TimeControl "180+1"]
[Date "2023.10.31"]
[WhiteClock "0:00:03"]
[BlackClock "0:00:15"]
[Board "39"]

1. e4 c6 2. d4 d5 3. Nd2 dxe4 4. Nxe4 Nf6 5. Nxf6+ exf6 6. c3 Bd6 7. Bd3 O-O 8. Qf3 c5 9. Ne2 Nc6 10. O-O cxd4 11. cxd4 Re8 12. Be3 g6 13. h3 Be6 14. Nf4 Bxf4 15. Qxf4 Nb4 16. Be4 Bd5 17. Bf3 Nd3 18. Qg3 Nxb2 19. Bxd5 Qxd5 20. Qh4 Re6 21. Rac1 Nc4 22. Rc3 b5 23. Bc1 Rae8 24. Rf3 f5 25. Bh6 b4 26. Qg5 f6 27. Qg3 a5 28. h4 Nd6 29. h5 g5 30. Kh2 Nf7 31. Bxg5 Nxg5 32. Rf4 Re4 33. Rc1 Rxf4 34. Qxf4 Ne6 35. Qg3+ Kh8 36. h6 Rg8 37. Qh3 Nf4 38. Rc5 Rxg2+ 39. Kh1 Qe4 40. f3 Qe1# 0-1


[Site "https://www.chess.com"]